 Dungeon Crawl Stone Soup version 0.24.0-3-g28a8eb0610 (webtiles) character file.

Game seed: 2282325880709330691, levelgen mode: deterministic

236 Mrkan the Skirmisher (level 6, 0/100 HPs)
             Began as an Ogre Berserker on Nov 1, 2019.
             Was a Believer of Trog.
             Succumbed to a goblin's poison
             ... on level 4 of the Dungeon.
             The game lasted 00:04:31 (2644 turns).

Mrkan the Skirmisher (Ogre Berserker)               Turns: 2644, Time: 00:04:32

Health: 0/100      AC:  5    Str: 27    XL:     6   Next: 6%
Magic:  6/6        EV:  9    Int:  8    God:    Trog [**....]
Gold:   147        SH:  0    Dex: 10    Spells: 5/5 levels left

rFire    . . .     SeeInvis .   r - +0 giant club
rCold    . . .     Gourm    .   (shield currently unavailable)
rNeg     . . .     Faith    .   b - +0 animal skin
rPois    .         Spirit   .   (helmet restricted)
rElec    .         Reflect  .   j - +1 cloak
rCorr    .         Harm     .   (gloves unavailable)
MR       .....                  (boots unavailable)
Stlth    ..........             (no amulet)
HPRegen  0.26/turn              (no ring)
MPRegen  0.10/turn              (no ring)

@: berserking, lethally poisoned (0 -> -18), extremely drained, very quick
A: large, unfitting armour, tough skin 1
a: Berserk, Trog's Hand, Renounce Religion


You were on level 4 of the Dungeon.
You worshipped Trog.
Trog was pleased with you.
You were near starving.

You visited 1 branch of the dungeon, and saw 4 of its levels.

You collected 147 gold pieces.

Inventory:

Hand Weapons
 a - a +0 mace
 r - a +0 giant club (weapon)
Missiles
 i - 4 large rocks (quivered)
Armour
 b - a +0 animal skin (worn)
 j - a +1 cloak (worn)
Jewellery
 f - a +5 ring of dexterity {unknown}
Scrolls
 d - 2 scrolls of magic mapping {unknown}
 h - a scroll of fog {unknown}
 k - a scroll of identify {unknown}
 p - a scroll of amnesia {unknown}
 q - a scroll of teleportation {unknown}
Potions
 g - 3 potions of flight {unknown}
 l - 3 potions of heal wounds {unknown}
 m - a potion of lignification {unknown}
 o - a potion of haste {unknown}
Comestibles
 c - 6 rations


   Skills:
 + Level 5.9(0.0) Fighting
 * Level 5.1(0.0) Maces & Flails
 - Level 2.6(0.0) Dodging


You had 5 spell levels left.
You didn't know any spells.
Your spell library was empty.

Dungeon Overview and Level Annotations

Branches:
Dungeon (4/15)
 Temple: D:4-7

Altars:

Annotations:
D:2 Terence
D:4 Robin


Innate Abilities, Weirdness & Mutations

You are too large for most types of armour.
You have tough skin. (AC +1)


Message History

Unknown command.
You feel better.
The goblin shoots a stone.
The stone closely misses you.
The stone barely misses the goblin.
The goblin hits you but does no damage.
You are poisoned.
A red film seems to cover your vision as you go berserk!
You feel yourself moving faster!
You feel mighty!
You are near starving!
You feel sick.
The goblin shoots a stone.
The stone hits you.
* * * LOW HITPOINT WARNING * * *
Robin throws the goblin at you! The goblin hits you but does no damage.
You are lethally poisoned!
The goblin hits you with a +0 club.
* * * LOW HITPOINT WARNING * * *
You closely miss the goblin.
* * * LOW HITPOINT WARNING * * *
You feel sick. The goblin hits you but does no damage.
You are more poisoned.
The goblin closely misses you.
You closely miss the goblin.
You die...

....... .gg......
......... #...g....
$g....... # #........
....#########gg.>....
#(...g@ggggg.......
###########g.......
#........ ##.......
#.....# ######


You could see Robin, 3 hobgoblins and 5 goblins.

Vanquished Creatures
  An ogre (D:4)
  An iguana (D:3)
  4 adders
  2 oozes
  3 worms
  2 leopard geckos
  5 ball pythons
  5 giant cockroaches
  13 goblins
  5 hobgoblins
  9 jackals
  5 kobolds
  A quokka (D:2)
  7 bats
  4 frilled lizards
  11 rats
78 creatures vanquished.

Notes
Turn   | Place    | Note
-------+----------+-------------------------------------------
     0 | D:1      | Mrkan the Ogre Berserker began the quest for the Orb.
     0 | D:1      | Reached XP level 1. HP: 24/24 MP: 1/1
    87 | D:1      | Reached XP level 2. HP: 17/32 MP: 2/2
   382 | D:1      | Reached XP level 3. HP: 25/40 MP: 3/3
   675 | D:1      | Reached ** piety under Trog
  1497 | D:2      | Reached XP level 4. HP: 49/49 MP: 4/4
  1837 | D:2      | Reached skill level 5 in Fighting
  1888 | D:2      | Noticed Terence
  1890 | D:2      | You fall into a shaft and drop 1 floor!
  2218 | D:3      | Reached XP level 5. HP: 57/57 MP: 5/5
  2590 | D:4      | Noticed an ogre
  2607 | D:4      | Killed an ogre
  2607 | D:4      | Reached *** piety under Trog
  2607 | D:4      | Reached skill level 5 in Maces & Flails
  2607 | D:4      | Reached XP level 6. HP: 67/67 MP: 6/6
  2615 | D:4      | Noticed Robin
  2634 | D:4      | HP: 2/67 [goblin/+0 dagger of draining[Robin] (2)]
  2640 | D:4      | HP: 1/67 [goblin/stone[Robin] (4)]
  2644 | D:4      | Succumbed to a goblin's poison

Levels and vault maps discovered:
D:1:      enne_arrival_octagon_isle, layout_basic, minivault_19
D:2:      layout_loops_ring, serial_forest, infiniplex_forest_lined_2,
          infiniplex_forest_zigzag_1, infiniplex_forest_join,
          infiniplex_forest_clump_long, infiniplex_forest_lined_2,
          infiniplex_forest_zigzag_1, infiniplex_forest_clump_medium,
          uniq_terence
D:3:      layout_rooms
D:4:      layout_rooms, minmay_temple_entry_nine_rooms, first_ration,
          uniq_robin, uniq_duvessa

Skill      XL: |  1  2  3  4  5 |
---------------+----------------+-----
Maces & Flails | 3 4 5 |  5.1
Fighting       | 5 |  5.9
Dodging        | |  2.6

Action                   |  1- 3 |  4- 6 || total
-------------------------+-------+-------++-------
Melee: Mace              |   137 |   110 ||   247
       Giant club        |       |    20 ||    20
Invok: Berserk           |     2 |     4 ||     6
       Trog's Hand       |       |     1 ||     1
  Use: Potion            |       |     3 ||     3
 Stab: Sleeping          |     1 |       ||     1
  Eat: Chunk             |     4 |     6 ||    10
Armor: Animal skin       |    76 |    76 ||   152
Dodge: Dodged            |   121 |   113 ||   234
